 Dungeon Crawl Stone Soup version 0.29.1-2-gbd0b4ee654 (webtiles) character file.

Game seed: 7577897142500685116

12614 GorkyZ the Fighter (level 11, -5/68 HPs)
             Began as a Gargoyle Gladiator on Nov 30, 2022.
             Was an Initiate of Gozag.
             Slain by a skeletal warrior
             ... wielding a +0 short sword
              (18 damage)
             ... on level 11 of the Dungeon.
             The game lasted 00:49:18 (14665 turns).

GorkyZ the Fighter (Gargoyle Gladiator)            Turns: 14665, Time: 00:49:20

Health: -5/68      AC: 23    Str: 22    XL:     11   Next: 96%
Magic:  11/11      EV: 16    Int:  9    God:    Gozag
Gold:   1432       SH:  0    Dex: 11    Spells: 10/10 levels left

rFire   . . .      SeeInvis +   f - +6 great mace (vorpal)
rCold   . . .      Faith    .   (shield currently unavailable)
rNeg    + . .      Spirit   .   R - +4 scale mail of the Dolphin {Rampage rPois rCorr SInv}
rPois   ∞          Reflect  .   (no helmet)
rElec   +          Harm     .   (no cloak)
rCorr   +          Rampage  +   (no gloves)
Will    +....                   L - +2 pair of boots {Stlth+}
Stlth   +.........              (no amulet)
HPRegen 0.21/turn               o - +4 ring of evasion
MPRegen 0.12/turn               m - ring of willpower

@: flying, unable to drink
A: sickness immunity, AC +8, negative energy resistance 1, electricity
resistance, torment resistance 1, petrification resistance, big wings, wild
magic 1, inability to drink after injury 1
a: Renounce Religion, Potion Petition, Call Merchant, Bribe Branch


You were on level 11 of the Dungeon.
You worshipped Gozag.
Gozag was most pleased with you.
You visited 2 branches of the dungeon, and saw 12 of its levels.

You collected 2318 gold pieces.
You spent 765 gold pieces at shops.
You paid 121 gold pieces to Gozag.

Inventory:

Hand Weapons
 a - a +1 war axe
 f - a +6 vorpal great mace (weapon)
 u - the +7 Throatcutter {drain, coup de grace}
   (You found it on level 4 of the Dungeon)

   A truly terrible weapon, it drains the life of any living foe it strikes.
   It may instantly kill foes which have little health.
 H - the +2 whip of Solemn Fortitude {freeze, rN+ Will+}
   (You found it on level 7 of the Dungeon)

   It freezes those it strikes, dealing additional cold damage.
   It can also slow down cold-blooded creatures.
   rN:        It protects you from negative energy.
   Will:      It increases your willpower.
 P - a +0 broad axe of flaming
Missiles
 d - 9 throwing nets
 e - 5 javelins
 t - 24 poisoned darts
 x - 11 boomerangs (quivered)
Armour
 b - a +0 leather armour
 c - a +0 helmet
 j - a +0 ring mail
 k - a +3 chain mail
 G - a +0 kite shield
 I - a +0 plate armour
 L - a +2 pair of boots of stealth (worn)
 Q - +0 steam dragon scales
 R - the +4 scale mail of the Dolphin (worn) {Rampage rPois rCorr SInv}
   (You bought it in a shop on level 3 of the Dungeon)

   rPois:     It protects you from poison.
   SInv:      It lets you see invisible.
   rCorr:     It protects you from acid and corrosion.
   Rampage:   It bestows one free step when moving towards enemies.
Jewellery
 m - a ring of willpower (right hand)
 o - a +4 ring of evasion (left hand)
 C - a +6 ring of intelligence
 D - an amulet of reflection
 J - a ring of fire
 N - a ring of ice
 W - a ring of see invisible
Wands
 q - a wand of digging (15)
 w - a wand of mindburst (24)
 T - a wand of charming (2)
 Y - a wand of iceblast (6)
Scrolls
 g - 3 scrolls of torment
 l - 2 scrolls of butterflies
 n - 8 scrolls of teleportation
 p - a scroll of immolation
 r - 2 scrolls of poison
 s - 3 scrolls of vulnerability
 v - 4 scrolls of enchant armour
 y - a scroll of amnesia
 A - a scroll of brand weapon
 B - a scroll of silence
 M - 2 scrolls of fear
 O - 2 scrolls of identify
 S - a scroll of enchant weapon
 U - a scroll of noise {unknown}
Potions
 h - 3 potions of lignification
 z - 4 potions of might
 E - 4 potions of curing
 F - 2 potions of ambrosia
 K - a potion of haste
 V - a potion of heal wounds
 X - 2 potions of degeneration {unknown}


   Skills:
 + Level 8.0 Fighting
 + Level 7.0(8.0) Axes
 + Level 6.3(8.1) Maces & Flails
 + Level 6.6 Throwing
 + Level 7.6 Armour
 + Level 6.3 Dodging
 + Level 4.7 Shields
 + Level 6.2 Evocations


You had 10 spell levels left.
You didn't know any spells.
Your spell library contained the following spells:

 Spells                   Type           Power      Damage    Failure   Level
 Apportation              Tloc           0%         N/A       75%         1
 Foxfire                  Conj/Fire      0%         2x1d4     75%         1
 Necrotise                Necr           0%         1d4       75%         1
 Summon Small Mammal      Summ           0%         N/A       75%         1
 Searing Ray              Conj           0%         2d4       87%         2
 Static Discharge         Conj/Air       0%         3-3/arc   87%         2
 Call Canine Familiar     Summ           0%         N/A       98%         3
 Gell's Gravitas          Tloc           0%         N/A       98%         3
 Portal Projectile        Hex/Tloc       0%         N/A       98%         3
 Teleport Other           Tloc           0%         N/A       98%         3
 Dispel Undead            Necr           0%         3d6       100%        4
 Leda's Liquefaction      Hex/Erth       0%         N/A       100%        4
 Petrify                  Tmut/Erth      0%         N/A       100%        4
 Sticky Flame             Conj/Fire      0%         2d3       100%        4
 Irradiate                Conj/Tmut      0%         3d11      100%        5
 Dispersal                Tloc           0%         N/A       100%        6
 Malign Gateway           Summ/Tloc      0%         N/A       100%        7
 Storm Form               Tmut/Air       0%         N/A       100%        7
 Summon Horrible Things   Summ           0%         N/A       100%        8
 Sublimation of Blood     Necr           Unusable   N/A       N/A         2

Dungeon Overview and Level Annotations

Branches:
Dungeon (11/15)            Temple (1/1) D:6            Lair (0/5) D:11
    Orc (0/2) D:10

Altars:
Ashenzari
Dithmenos
Elyvilon
Fedhas
Gozag
Kikubaaqudgha
Makhleb
Nemelex Xobeh
Okawaru
Sif Muna
Uskayaw
Vehumet
Xom
Yredelemnul
Zin
The Shining One

Shops:
D:3 [   D:4 (   D:8 [   D:9 (


Innate Abilities, Weirdness & Mutations

You are immune to sickness and miasma.
Your stone body is resilient. (AC +8)
You are immune to poison.
You resist negative energy. (rN+)
You are resistant to electric shocks. (rElec)
You are resistant to unholy torment.
You are immune to petrification.
Your large and strong wings let you fly.
Your spells are a little harder to cast, but a little more powerful.
You occasionally lose the ability to drink potions when taking damage.


Message History

The unseen horror barely misses you.
You barely miss the unseen horror. The unseen horror hits you. x2
You barely miss the skeletal warrior.
The unseen horror completely misses you.
The skeletal warrior hits you but does no damage.
The unseen horror hits you but does no damage.
You sock the skeletal warrior!
The skeletal warrior is moderately damaged.
The unseen horror hits you but does no damage.
The skeletal warrior hits you with a +0 short sword!
You closely miss the skeletal warrior.
The skeletal warrior is moderately damaged.
The skeletal warrior closely misses you.
The five-headed hydra closely misses you.
The five-headed hydra bites you!
The five-headed hydra completely misses you.
The five-headed hydra bites you!
The five-headed hydra completely misses you.
The skeletal warrior hits you but does no damage.
You sock the skeletal warrior!
The skeletal warrior is heavily damaged.
The five-headed hydra completely misses you.
The five-headed hydra misses you.
The five-headed hydra bites you but does no damage.
The five-headed hydra misses you.
The five-headed hydra closely misses you.
The skeletal warrior hits you with a +0 short sword.
You thump the skeletal warrior!
The skeletal warrior is severely damaged.
The five-headed hydra bites you!
You feel threatened and lose the ability to drink potions!
* * * LOW HITPOINT WARNING * * *
The five-headed hydra bites you but does no damage.
The five-headed hydra closely misses you.
The five-headed hydra bites you but does no damage.
The five-headed hydra bites you!
* * * LOW HITPOINT WARNING * * *
The skeletal warrior hits you with a +0 short sword!!
You die...
Your body crumbles into a pile of gold.

.....# #........#...#......#
.....# #........#...#......#
.....#####........#...#......#
..................'...#......#
......##########..#...#......#
......# #..#####......#
......# # # #......)))..[.#
......# ....#.#............##
...##.+ ..?..xD@...........#
...#..+ .=$...z............#
[..#..# ....#.#............#
...#..# #.. #.#######......#
...# .# . . #......# ...#
####### #......#
...#######.....## #......####
................# #.........#
................# #.........#


You could see a five-headed hydra, a skeletal warrior and an unseen horror
(invisible).

Vanquished Creatures
  2 two-headed ogres (D:11)
  The ghost of Rosiu1125 the Conjurer, a novice GnCj of Ashenzari (D:7)
  2 cyclopes
  Joseph (D:10)
  A gargoyle (D:10)
  Maggie (D:6)
  2 unseen horrors
  4 trolls
  Grinder (D:3)
  A shadow (D:9)
  A wraith (D:11)
  A vampire (D:10)
  10 yaks (D:9)
  Grum (D:8)
  2 steam dragons
  3 wargs (D:11)
  An acid dragon (D:6)
  2 water moccasins
  6 orc warriors
  3 ice beasts
  An ogre (D:5)
  A wolf (D:8)
  4 centaurs
  3 kobold brigands
  2 gnoll sergeants (D:8)
  A necrophage (D:6)
  3 bullfrogs
  3 scorpions
  13 killer bees
  4 howler monkeys
  2 electric eels (D:8)
  2 jellies
  13 hounds
  4 gnoll boudas
  7 orc priests
  Jessica (D:3)
  Ijyb (D:4)
  3 iguanas
  13 orc wizards
  Natasha (thrice) (D:4)
  9 adders
  29 gnolls
  4 white imps
  3 ufetubi
  2 worms
  6 dart slugs
  48 orcs
  6 endoplasms
  2 giant cockroaches (D:1)
  8 goblins
  9 hobgoblins
  A jackal (D:8)
  21 kobolds
  2 quokkas (D:1)
  7 ball pythons
  6 bats
  6 frilled lizards
  4 rats
303 creatures vanquished.

Vanquished Creatures (others)
  6 plants (D:6)
6 creatures vanquished.

Grand Total: 309 creatures vanquished

Notes
Turn   | Place    | Note
-------+----------+-------------------------------------------
     0 | D:1      | GorkyZ the Gargoyle Gladiator began the quest for the Orb.
     0 | D:1      | Reached XP level 1. HP: 12/12 MP: 1/1
    56 | D:1      | Reached XP level 2. HP: 6/17 MP: 2/2
   604 | D:1      | Reached skill level 1 in Armour
   635 | D:1      | Got Dyan's Catalogue of Excruciating Evolution
   641 | D:1      | Reached XP level 3. HP: 21/22 MP: 3/3
  1143 | D:1      | Reached skill level 1 in Shields
  1820 | D:2      | Reached XP level 4. HP: 27/27 MP: 4/4
  1879 | D:2      | Reached skill level 1 in Evocations
  2547 | D:3      | Noticed Grinder
  2553 | D:3      | Paralysed by Grinder for 2 turns
  2560 | D:3      | Paralysed by Grinder for 2 turns
  2565 | D:3      | Paralysed by Grinder for 3 turns
  2569 | D:3      | Gained mutation: You occasionally lose the ability to drink
                  | potions when taking damage. [potion of mutation]
  2569 | D:3      | Gained mutation: You have a pair of small horns on your
                  | head. [potion of mutation]
  2574 | D:3      | HP: 1/27 [Grinder/nerve-wracking pain (1)]
  2575 | D:3      | Killed Grinder
  2576 | D:3      | Reached skill level 3 in Fighting
  2576 | D:3      | Reached XP level 5. HP: 2/32 MP: 5/5
  2576 | D:3      | Reached XP level 6. HP: 2/37 MP: 6/6
  2957 | D:3      | Found a faded altar of an unknown god.
  3234 | D:3      | Noticed Jessica
  3235 | D:3      | Found Naavuh's Armour Emporium.
  3239 | D:3      | Killed Jessica
  3685 | D:4      | Found an iron altar of Okawaru.
  3724 | D:4      | Found Eckank's Antique Weapon Emporium.
  3772 | D:4      | Found a white marble altar of Elyvilon.
  3791 | D:4      | Noticed Natasha
  3799 | D:4      | Killed Natasha
  3906 | D:4      | Noticed Ijyb
  3917 | D:4      | Killed Ijyb
  3975 | D:4      | Noticed Natasha
  3979 | D:4      | Killed Natasha
  3980 | D:4      | Reached XP level 7. HP: 40/41 MP: 7/7
  4152 | D:4      | Reached skill level 1 in Maces & Flails
  4306 | D:4      | Found the +7 Throatcutter {drain, coup de grace}
  4448 | D:4      | Noticed Natasha
  4455 | D:4      | Killed Natasha
  4659 | D:5      | Entered Level 5 of the Dungeon
  4711 | D:5      | Reached skill level 4 in Fighting
  4846 | D:5      | Reached XP level 8. HP: 48/48 MP: 8/8
  6386 | D:6      | Found a staircase to the Ecumenical Temple.
  6391 | Temple   | Entered the Ecumenical Temple
  6411 | Temple   | Became a worshipper of Gozag Ym Sagoz the Greedy
  6591 | D:6      | Noticed Maggie
  6600 | D:6      | Killed Maggie
  6601 | D:6      | Reached skill level 5 in Fighting
  6601 | D:6      | Reached XP level 9. HP: 51/54 MP: 9/9
  7153 | D:6      | Noticed a troll
  7166 | D:6      | Killed a troll
  7167 | D:6      | Reached skill level 5 in Axes
  7183 | D:6      | Reached skill level 5 in Armour
  7429 | D:6      | Lost mutation: You have a pair of small horns on your head.
                  | [potion of mutation]
  7429 | D:6      | Lost mutation: You occasionally lose the ability to drink
                  | potions when taking damage. [potion of mutation]
  7429 | D:6      | Gained mutation: Your large and strong wings let you fly.
                  | [potion of mutation]
  7429 | D:6      | Gained mutation: Your spells are a little harder to cast,
                  | but a little more powerful. [potion of mutation]
  7429 | D:6      | Gained mutation: You occasionally lose the ability to drink
                  | potions when taking damage. [potion of mutation]
  7795 | D:7      | Found a glowing silver altar of Zin.
  7802 | D:7      | Found a sparkling altar of Nemelex Xobeh.
  7872 | D:7      | Found a runed translucent gate.
  7872 | D:7      | Identified the +2 whip of Solemn Fortitude {freeze, rN+
                  | Will+}
  7874 | D:7      | Found a runed translucent gate.
  7881 | D:7      | Found a runed translucent gate.
  7915 | D:7      | Noticed Rosiu1125's ghost (novice GnCj)
  8204 | D:7      | Killed Rosiu1125's ghost
  8205 | D:7      | Reached skill level 6 in Fighting
  8205 | D:7      | Reached skill level 5 in Throwing
  8205 | D:7      | Reached XP level 10. HP: 30/60 MP: 10/10
  8450 | D:8      | Reached skill level 5 in Dodging
  9589 | D:8      | Found Tocsava's Antique Armour Shoppe.
  9593 | D:8      | Reached skill level 5 in Evocations
  9603 | D:8      | Bought a pair of glowing boots for 225 gold pieces
  9619 | D:8      | Found a shimmering altar of Xom.
  9621 | D:8      | Reached skill level 5 in Maces & Flails
  9697 | D:8      | Found an ancient bone altar of Kikubaaqudgha.
  9934 | D:8      | Noticed Grum
  9937 | D:8      | Killed Grum
 10294 | D:3      | Bought the +4 scale mail of the Dolphin {Rampage rPois
                  | rCorr SInv} for 540 gold pieces
 10905 | D:9      | Reached skill level 7 in Fighting
 11082 | D:9      | Found a broken altar of Ashenzari.
 11082 | D:9      | Found a shimmering blue altar of Sif Muna.
 11166 | D:9      | Found Dump's Weapon Shoppe.
 11173 | D:9      | Reached XP level 11. HP: 67/67 MP: 11/11
 11820 | D:10     | Entered Level 10 of the Dungeon
 11969 | D:10     | Noticed a cyclops
 11979 | D:10     | Killed a cyclops
 12243 | D:10     | Found a burning altar of Makhleb.
 12587 | D:10     | Noticed Joseph
 12600 | D:10     | Killed Joseph
 12934 | D:10     | Found a staircase to the Orcish Mines.
 13478 | D:11     | Noticed a cyclops
 13486 | D:11     | Killed a cyclops
 13815 | D:11     | Noticed a two-headed ogre
 13821 | D:11     | Killed a two-headed ogre
 13842 | D:11     | Found a staircase to the Lair.
 14542 | D:11     | Noticed a two-headed ogre
 14548 | D:11     | Killed a two-headed ogre
 14549 | D:11     | Reached skill level 8 in Fighting
 14658 | D:11     | Noticed a five-headed hydra
 14658 | D:11     | Noticed a skeletal warrior
 14665 | D:11     | Slain by a skeletal warrior

Illustrated notes

Levels and vault maps discovered:
D:1:      dpeg_arrival_arbitrary_a, layout_basic, minmay_pentomino_x2
D:2:      layout_loops_cross, palyth_stone_intersect
D:3:      layout_basic, dreamdust_ecumenical_altar_angels_and_demons,
          serial_shops, shop, minmay_hedge_maze, kennysheep_donut,
          minmay_checkerbox, uniq_grinder, uniq_jessica
D:4:      layout_basic, amcnicky_altar_gilded, okawaru_gym_becter, serial_shops,
          nicolae_shop_competitors_out_of_business, dreamdust_princess_bridge,
          dilly_guarded_unrand_throatcut, uniq_ijyb, uniq_natasha
D:5:      layout_loops_ring
D:6:      minmay_chambers_of_threes, layout_basic, minmay_temple_entry_arrows,
          serial_bayou, serial_bayou_shore_b, serial_bayou_shore_a,
          serial_bayou_shore_b, serial_bayou_pond_a, uniq_maggie
D:7:      layout_basic, amethyst_overflow_temple_binary,
          ebering_ghost_rock_garden
D:8:      layout_cave_pools, xom_butterflies, mainiacjoe_overflow_cross_hatched,
          serial_gnoll_camp, gnoll_camp_huts_moat, grums_kennel,
          gnoll_camp_mini_shop, gnoll_camp_mini_house
D:9:      layout_roguey, mainiacjoe_overflow_large_starburst, serial_shops,
          nicolae_inconvenience_store
D:10:     layout_gridville, bloody_makhleb, orc_0_dummy, uniq_joseph
D:11:     layout_irregular_city, erik_lair_orcish_takeover,
          kennysheep_generic_room_5
Temple:   dshaligram_water_room_temple

Skill      XL: |  1  2  3  4  5  6  7  8  9 10 11 |
---------------+----------------------------------+-----
Throwing       | 2 3 4 5 6 |  6.6
Armour         | 1 2 3 4 5 6 7 |  7.6
Shields        | 1 2 3 4 |  4.7
Axes           | 3 4 5 6 7 |  7.0
Evocations     | 1 2 3 4 5 6 |  6.2
Fighting       | 3 4 5 6 7 8 |  8.0
Dodging        | 3 4 5 6 |  6.3
Maces & Flails | 1 3 4 5 6 |  6.3

Action                   |  1- 3 |  4- 6 |  7- 9 | 10-12 || total
-------------------------+-------+-------+-------+-------++-------
Melee: War axe           |   112 |    45 |       |       ||   157
       Punch             |     1 |       |       |       ||     1
       Headbutt          |       |     8 |    28 |       ||    36
       Great mace        |       |    44 |   231 |   342 ||   617
Throw: Boomerang         |       |       |       |   136 ||   136
       Dart              |       |       |       |     9 ||     9
  Use: Scroll            |       |    11 |     8 |     2 ||    21
       Potion            |       |     3 |     1 |     2 ||     6
 Stab: Distracted        |       |       |     2 |     4 ||     6
Armor: Leather armour    |     4 |       |       |       ||     4
       Chain mail        |    56 |    43 |   153 |   120 ||   372
       Ring mail         |     3 |       |       |       ||     3
       Scale mail        |       |       |       |   151 ||   151
Dodge: Dodged            |    74 |    54 |   186 |   414 ||   728
